 Dungeon Crawl Stone Soup version 0.27.1 (webtiles) character file.

Game seed: 7636727575530560674

87463 Renzlar the Blocker (level 15, -1/108 HPs)
             Began as a Gnoll Fighter on Aug 27, 2021.
             Was the Champion of Okawaru.
             Killed from afar by a tengu reaver (27 damage)
             ... with a bolt of acid
             ... on level 11 of the Dungeon.
             The game lasted 02:20:04 (24828 turns).

Renzlar the Blocker (Gnoll Fighter)                Turns: 24828, Time: 02:20:04

Health: -1/108     AC: 23    Str: 18    XL:     15   Next: 90%
Magic:  27/29      EV: 16    Int: 10    God:    Okawaru [******]
Gold:   243        SH: 19    Dex: 11    Spells: 22/34 levels left

rFire    + . .     SeeInvis +   a - +1 war axe (flame)
rCold    . . .     Faith    .   e - +1 kite shield
rNeg     . . .     Spirit   .   B - +2 swamp dragon scales
rPois    +         Reflect  .   P - +0 helmet {SInv}
rElec    .         Harm     .   D - +0 cloak
rCorr    .         Rampage  .   p - +0 pair of gloves
Will     ++...                  C - +2 pair of boots
Stlth    +++++.....             x - amulet "Pughegim" {Will+ Regen+}
HPRegen  1.28/turn              J - +4 ring of slaying
MPRegen  0.21/turn              E - ring of protection from fire

@: heroic
A: fangs 1, strong nose, distributed training, large bone plates 1, frail 1,
weak 1
a: Renounce Religion, Heroism, Finesse


You were on level 11 of the Dungeon.
You worshipped Okawaru.
Okawaru was exalted by your worship.
You visited 4 branches of the dungeon, and saw 21 of its levels.
You also visited: Ossuary.

You collected 1685 gold pieces.
You spent 1442 gold pieces at shops.

Inventory:

Hand Weapons
 a - a +1 war axe of flaming (weapon)
 b - the +8 hand axe of Ada Qeah {vorpal, rC+ Will+}
   (You found it on level 1 of the Lair of Beasts)

   It inflicts extra damage upon your enemies.
   rC:        It protects you from cold.
   Will:      It increases your willpower.
 c - a +2 hunting sling of flaming
 d - the +8 spear "Xueczank" {protect, rC+ rCorr}
   (You took it off a spriggan rider on level 4 of the Lair of Beasts)

   It grants its wielder temporary protection when it strikes (+7 to AC).
   rC:        It protects you from cold.
   rCorr:     It protects you from acid and corrosion.
 f - a +2 dagger of venom
 v - a +5 vorpal hand crossbow
Missiles
 g - 141 bolts
 q - 96 sling bullets
 u - 65 poisoned darts (quivered)
 A - 318 stones
Armour
 e - a +1 kite shield (worn)
 p - a +0 pair of gloves (worn)
 B - +2 swamp dragon scales (worn)
 C - a +2 pair of boots (worn)
 D - a +0 cloak (worn)
 L - a +3 chain mail of fire resistance
 P - a +0 helmet of see invisible (worn)
 T - the +1 ring mail "Furynwepina" {-Tele Harm rC+ Dex+8}
   (You bought it in a shop on level 11 of the Dungeon)

   Dex:       It affects your dexterity (+8).
   rC:        It protects you from cold.
   -Tele:     It prevents most forms of teleportation.
   Harm:      It increases damage dealt and taken.
Jewellery
 n - a ring of poison resistance
 o - a ring of see invisible
 x - the amulet "Pughegim" (around neck) {Will+ Regen+}
   (You found it on level 8 of the Dungeon)

   [amulet of regeneration]

   Regen:     It increases your rate of health regeneration.
   Will:      It increases your willpower.
 E - a ring of protection from fire (right hand)
 J - a +4 ring of slaying (left hand)
 K - a ring of flight
 M - a ring of ice
Wands
 i - a wand of acid (16)
 j - a wand of polymorph (33)
 l - a wand of flame (35)
 y - a wand of paralysis (10)
 F - a wand of digging (5)
 G - a wand of charming (22)
 H - a wand of mindburst (11)
Scrolls
 r - 4 scrolls of fog
 s - 5 scrolls of fear
 w - 10 scrolls of identify
 N - a scroll of amnesia
 O - 2 scrolls of teleportation
Potions
 h - 2 potions of haste
 k - a potion of mutation
 m - 4 potions of magic
 t - 5 potions of curing
 z - a potion of resistance
 I - 2 potions of cancellation


   Skills:
 + Level 12.0(17.0) Fighting
 + Level 10.4(15.4) Short Blades
 + Level 10.4(15.4) Long Blades
 + Level 11.2(16.2) Axes
 + Level 10.4(15.4) Maces & Flails
 + Level 10.4(15.4) Polearms
 + Level 10.4(15.4) Staves
 + Level 10.4(15.4) Slings
 + Level 10.4(15.4) Bows
 + Level 10.4(15.4) Crossbows
 + Level 10.4(15.4) Throwing
 + Level 12.0(17.0) Armour
 + Level 10.4(15.4) Dodging
 + Level 10.4(15.4) Stealth
 + Level 12.0(17.0) Shields
 + Level 10.4(15.4) Unarmed Combat
 + Level 10.4 Spellcasting
 + Level 8.8 Conjurations
 + Level 8.8 Hexes
 + Level 8.8 Summonings
 + Level 8.8 Necromancy
 + Level 8.8 Translocations
 + Level 8.8 Transmutations
 + Level 8.8 Fire Magic
 + Level 8.8 Ice Magic
 + Level 8.8 Air Magic
 + Level 8.8 Earth Magic
 + Level 8.8 Poison Magic
 + Level 11.2 Invocations
 + Level 10.4 Evocations


You had 22 spell levels left.
You knew the following spells:

 Your Spells              Type           Power      Damage    Failure   Level
a - Ensorcelled Hibernat  Hex/Ice        44%        N/A       1%          2
b - Frozen Ramparts       Ice            44%        1d6       1%          3
c - Portal Projectile     Hex/Tloc       44%        N/A       1%          3
d - Sticky Flame          Conj/Fire      22%        2d4       4%          4

Your spell library contained the following spells:

 Spells                   Type           Power      Damage    Failure   Level
 Summon Small Mammal      Summ           88%        N/A       1%          1
 Call Canine Familiar     Summ           22%        N/A       1%          3
 Conjure Flame            Conj/Fire      22%        6-21      1%          3
 Ignite Poison            Fire/Tmut/Pois 22%        N/A       1%          3
 Spider Form              Tmut/Pois      11%        N/A       1%          3
 Summon Guardian Golem    Hex/Summ       22%        N/A       1%          3
 Ice Form                 Ice/Tmut       22%        N/A       4%          4
 Leda's Liquefaction      Hex/Erth       11%        N/A       4%          4
 Summon Ice Beast         Ice/Summ       22%        N/A       4%          4
 Shadow Creatures         Summ           N/A        N/A       61%         6
 Orb of Destruction       Conj           11%        9d5       99%         7
 Spellforged Servitor     Conj/Summ      11%        N/A       99%         7


Dungeon Overview and Level Annotations

Branches:
Dungeon (12/15)            Temple (1/1) D:7            Lair (6/6) D:11
  Swamp (0/4) Lair:2       Spider (0/4) Lair:2        Slime (0/5) Lair:5
    Orc (2/2) D:9             Elf (0/3) Orc:2       Ossuary (visited)

Altars:
Ashenzari
Cheibriados
Dithmenos
Elyvilon
Fedhas
Gozag
Hepliaklqana
Kikubaaqudgha
Makhleb
Nemelex Xobeh
Okawaru
Qazlal
Ru
Sif Muna
Trog
Uskayaw
Vehumet
Wu Jian
Xom
Yredelemnul
Zin
The Shining One
Beogh
Jiyva
Lugonu

Shops:
D:5 *   D:6 =[   D:9 (   D:10 =   D:11 =[!?   Orc:2 (:[?(*

Portals:
Abyss: Lair:6

Annotations:
Lair:1 exclusion: oklob plant


Innate Abilities, Weirdness & Mutations

You have very sharp teeth.
Your uncanny sense of smell can sniff out nearby items.
Your experience applies equally to all skills.
You are partially covered in large bone plates. (SH +4)
You are frail. (-10% HP)
You are weak. (Str -2)


Message History

You block the tengu reaver's attack. The tengu reaver barely misses you. x2
You closely miss the tengu reaver.
The tengu reaver is lightly wounded.
The tengu reaver casts a spell at you. The bolt of poison hits you!
You are poisoned.
You resist.
Unknown command.
You slash the tengu reaver! You burn the tengu reaver.
You bite the tengu reaver.
The tengu reaver is lightly wounded.
You feel very sick.
The tengu reaver hits you with a +0 great mace.
The tengu reaver pecks you but does no damage.
You block the tengu reaver's attack.
You feel better. You block the tengu reaver's attack.
The tengu reaver misses you. You block the tengu reaver's attack.
You closely miss the tengu reaver. Your bite misses the tengu reaver.
The tengu reaver is lightly wounded.
You block the tengu reaver's attack. x2; The tengu reaver claws you!
You completely miss the tengu reaver.
The tengu reaver is lightly wounded.
The tengu reaver hits you with a +0 great mace.
You block the tengu reaver's attack. x2
The tengu reaver hits you with a +0 great mace!!
* * * LOW HITPOINT WARNING * * *
You block the tengu reaver's attack.
The tengu reaver claws you but does no damage.
You gain the combat prowess of a mighty hero.
The tengu reaver points at you and mumbles some strange words.
The bolt of cold hits you!
* * * LOW HITPOINT WARNING * * *
Unknown command.
Your swamp dragon scales prevents you from hitting the tengu reaver.
The tengu reaver is lightly wounded.
You miss the tengu reaver.
The tengu reaver is lightly wounded.
The tengu reaver gestures at you while chanting.
The bolt of acid hits you!!
You die...

....#(∩.#...# ####..####
...♣.♣.♣.♣..######.##
....∩.#.∩..........########
...♣.♣.♣.♣.#..............#
....#.∩.#.....##.#........#
...♣.♣.♣.♣..[.............#
...........##....#........#
.....##..........#........#
...............Q@.........#
..........................#
..........................#
..>...#..........#..=.....#
#.....##........###########
#........##.#####
#...........###
.......##.....#
.......####.#.#########


You could see a tengu reaver.

Vanquished Creatures
  Saint Roka (Orc:2)
  Snorg (D:11)
  Fannar (D:11)
  Erolcha (D:9)
  A boulder beetle (Lair:6)
  9 hydras
  2 catoblepae
  The ghost of velxir3 the Frost Mage, a journeyman FeIE of Vehumet (Lair:4)
  3 two-headed ogres
  5 death yaks
  3 orc high priests
  4 thrashing horrors (Lair:6)
  A lindwurm (Lair:6)
  4 orc knights
  A deep elf pyromancer (D:12)
  2 ugly things
  3 cyclopes
  2 orc sorcerers (Orc:2)
  24 elephants
  A guardian serpent (shapeshifter) (Lair:6)
  8 black mambas
  Joseph (D:9)
  A black mamba (shapeshifter) (Lair:6)
  3 smoke demons (Lair:6)
  A gargoyle (D:12)
  A torpor snail (Lair:2)
  2 unseen horrors
  13 cane toads
  3 rime drakes
  13 komodo dragons
  An efreet (D:12)
  5 trolls
  An ancient zyme (Lair:6)
  A polar bear (Lair:2)
  3 hornets
  Prince Ribbit (D:5)
  5 dream sheep (Lair:4)
  2 tyrant leeches (Lair:2)
  28 blink frogs
  13 slime creatures
  6 wyverns
  3 ynoxinuls (Lair:6)
  4 spriggans
  3 wraiths
  Sigmund (D:6)
  53 yaks
  3 steam dragons
  Eustachio (D:5)
  5 basilisks
  Grum (D:10)
  Edmund (D:6)
  2 large abominations (Lair:6)
  A swamp worm (Lair:2)
  5 wargs
  22 water moccasins
  Duvessa (D:6)
  An ice beast (D:7)
  32 orc warriors
  2 black bears
  A necrophage (D:5)
  9 ogres
  11 wolves
  A boggart (Lair:4)
  3 centaurs
  Blork the orc (D:5)
  11 bullfrogs
  2 scorpions
  3 gnoll sergeants
  2 wyvern zombies
  Dowan (D:6)
  9 small abominations (Lair:6)
  11 killer bees
  4 howler monkeys
  3 electric eels
  6 wights (D:9)
  A bullfrog zombie (D:5)
  2 jellies (D:5)
  8 centaur zombies
  4 hounds
  Crazy Yiuf (D:6)
  3 bullfrog skeletons
  17 orc priests
  2 centaur skeletons
  Jessica (D:3)
  4 iguanas
  6 hell rats (Lair:3)
  21 orc wizards
  A killer bee zombie (D:8)
  A hound skeleton (D:4)
  A howler monkey zombie (D:9)
  7 mummies
  9 adders
  22 gnolls
  8 river rats (Lair:3)
  3 shadow imps
  4 white imps
  An adder skeleton (D:4)
  A worm (D:2)
  4 dart slugs
  81 orcs
  6 ball pythons
  6 bats
  5 endoplasms
  3 giant cockroaches
  5 goblins
  10 hobgoblins
  2 jackals (D:3)
  6 quokkas
  A frilled lizard (D:2)
  5 hobgoblin zombies (Ossuary)
  5 kobolds
  6 rats
  A spectral orc (D:9)
675 creatures vanquished.

Vanquished Creatures (collateral kills)
  A small abomination (Lair:6)
1 creature vanquished.

Vanquished Creatures (others)
  A small abomination (Lair:6)
  24 fungi
  114 plants
139 creatures vanquished.

Grand Total: 815 creatures vanquished

Notes
Turn   | Place    | Note
-------+----------+-------------------------------------------
     0 | D:1      | Renzlar the Gnoll Fighter began the quest for the Orb.
     0 | D:1      | Reached XP level 1. HP: 23/23 MP: 1/1
    96 | D:1      | Found a faded altar of an unknown god.
   184 | D:1      | Reached XP level 2. HP: 29/29 MP: 2/2
   623 | D:1      | Reached XP level 3. HP: 35/35 MP: 3/3
  1061 | D:2      | Reached skill level 1 in Invocations
  1185 | D:2      | Reached skill level 1 in Short Blades
  1185 | D:2      | Reached skill level 1 in Long Blades
  1185 | D:2      | Reached skill level 1 in Maces & Flails
  1185 | D:2      | Reached skill level 1 in Polearms
  1185 | D:2      | Reached skill level 1 in Staves
  1185 | D:2      | Reached skill level 1 in Slings
  1185 | D:2      | Reached skill level 1 in Bows
  1185 | D:2      | Reached skill level 1 in Crossbows
  1185 | D:2      | Reached skill level 1 in Throwing
  1185 | D:2      | Reached skill level 1 in Dodging
  1185 | D:2      | Reached skill level 1 in Stealth
  1185 | D:2      | Reached skill level 1 in Unarmed Combat
  1185 | D:2      | Reached skill level 1 in Spellcasting
  1185 | D:2      | Reached skill level 1 in Evocations
  1487 | D:2      | Reached XP level 4. HP: 41/41 MP: 5/5
  2157 | D:3      | Reached skill level 1 in Conjurations
  2157 | D:3      | Reached skill level 1 in Hexes
  2157 | D:3      | Reached skill level 1 in Summonings
  2157 | D:3      | Reached skill level 1 in Necromancy
  2157 | D:3      | Reached skill level 1 in Translocations
  2157 | D:3      | Reached skill level 1 in Transmutations
  2157 | D:3      | Reached skill level 1 in Fire Magic
  2157 | D:3      | Reached skill level 1 in Ice Magic
  2157 | D:3      | Reached skill level 1 in Air Magic
  2157 | D:3      | Reached skill level 1 in Earth Magic
  2157 | D:3      | Reached skill level 1 in Poison Magic
  2444 | D:3      | Reached XP level 5. HP: 47/47 MP: 6/6
  2509 | D:3      | Noticed Jessica
  2515 | D:3      | Killed Jessica
  2891 | D:3      | You fall into a shaft and drop 2 floors!
  2891 | D:5      | Entered Level 5 of the Dungeon
  2949 | D:5      | Noticed a necrophage
  2952 | D:5      | Reached XP level 6. HP: 53/53 MP: 8/8
  2958 | D:5      | Killed a necrophage
  2959 | D:5      | Reached skill level 5 in Axes
  2988 | D:4      | Found a shimmering altar of Xom.
  3571 | D:4      | Found a sand-covered staircase.
  3584 | Ossuary  | Entered an ossuary
  3596 | Ossuary  | Reached XP level 7. HP: 49/59 MP: 10/10
  4451 | D:5      | Noticed Eustachio
  4473 | D:5      | Reached XP level 8. HP: 67/67 MP: 12/12
  4484 | D:5      | Killed Eustachio
  4577 | D:5      | Noticed Blork the orc
  4589 | D:5      | Killed Blork the orc
  4630 | D:5      | Noticed Prince Ribbit
  4738 | D:5      | Found Wetwemob's General Store.
  5155 | D:5      | Killed Prince Ribbit
  5156 | D:5      | Reached XP level 9. HP: 67/73 MP: 14/14
  5478 | D:6      | Found Qyhesh's Armour Boutique.
  5495 | D:6      | Bought a +0 pair of boots for 67 gold pieces
  5495 | D:6      | Bought a +0 helmet for 67 gold pieces
  5613 | D:6      | Found a sacrificial altar of Ru.
  5737 | D:6      | Noticed Sigmund
  5738 | D:6      | Noticed Dowan
  5740 | D:6      | Noticed Duvessa
  5747 | D:6      | Killed Sigmund
  5756 | D:6      | Killed Duvessa
  5764 | D:6      | Killed Dowan
  5824 | D:6      | Noticed Edmund
  5847 | D:6      | Killed Edmund
  6083 | D:6      | Found Firimukk's Jewellery Shoppe.
  6213 | D:6      | Found a runed translucent door.
  6214 | D:6      | Noticed Crazy Yiuf
  6224 | D:6      | Killed Crazy Yiuf
  6369 | D:6      | Reached skill level 5 in Invocations
  6590 | D:7      | Found a staircase to the Ecumenical Temple.
  6606 | Temple   | Entered the Ecumenical Temple
  6706 | Temple   | Became a worshipper of Warmaster Okawaru
  6903 | D:7      | Reached XP level 10. HP: 67/80 MP: 17/17
  7087 | D:7      | Learned a level 2 spell: Ensorcelled Hibernation
  7277 | D:7      | Reached skill level 5 in Short Blades
  7277 | D:7      | Reached skill level 5 in Long Blades
  7277 | D:7      | Reached skill level 5 in Maces & Flails
  7277 | D:7      | Reached skill level 5 in Polearms
  7277 | D:7      | Reached skill level 5 in Staves
  7277 | D:7      | Reached skill level 5 in Slings
  7277 | D:7      | Reached skill level 5 in Bows
  7277 | D:7      | Reached skill level 5 in Crossbows
  7277 | D:7      | Reached skill level 5 in Throwing
  7277 | D:7      | Reached skill level 5 in Dodging
  7277 | D:7      | Reached skill level 5 in Stealth
  7277 | D:7      | Reached skill level 5 in Unarmed Combat
  7277 | D:7      | Reached skill level 5 in Spellcasting
  7277 | D:7      | Reached skill level 5 in Evocations
  7652 | D:7      | Reached * piety under Okawaru
  8082 | D:8      | Reached ** piety under Okawaru
  8286 | D:8      | Identified the amulet "Pughegim" {Will+ Regen+}
  8392 | D:8      | Found a white marble altar of Elyvilon.
  8667 | D:8      | Noticed an unseen horror
  8700 | D:8      | Killed an unseen horror
  8890 | D:9      | Found Oronkiso's Weapon Shoppe.
  9371 | D:9      | Reached XP level 11. HP: 62/87 MP: 19/19
  9438 | D:9      | Reached *** piety under Okawaru
  9461 | D:9      | Noticed Erolcha
  9477 | D:9      | Killed Erolcha
  9478 | D:9      | Reached skill level 5 in Conjurations
  9478 | D:9      | Reached skill level 5 in Hexes
  9478 | D:9      | Reached skill level 5 in Summonings
  9478 | D:9      | Reached skill level 5 in Necromancy
  9478 | D:9      | Reached skill level 5 in Translocations
  9478 | D:9      | Reached skill level 5 in Transmutations
  9478 | D:9      | Reached skill level 5 in Fire Magic
  9478 | D:9      | Reached skill level 5 in Ice Magic
  9478 | D:9      | Reached skill level 5 in Air Magic
  9478 | D:9      | Reached skill level 5 in Earth Magic
  9478 | D:9      | Reached skill level 5 in Poison Magic
  9652 | D:9      | Found a hazy altar of Hepliaklqana.
  9722 | D:9      | Found a staircase to the Orcish Mines.
  9979 | D:9      | Noticed Joseph
  9996 | D:9      | Killed Joseph
  9996 | D:9      | Reached **** piety under Okawaru
 10153 | D:9      | Received a gift from Okawaru
 10868 | D:10     | Entered Level 10 of the Dungeon
 10965 | D:10     | Received a gift from Okawaru
 11253 | D:10     | Found Leywn's Jewellery Emporium.
 11645 | Orc:1    | Entered Level 1 of the Orcish Mines
 11727 | Orc:1    | Noticed an orc high priest
 11735 | D:9      | Received a gift from Okawaru
 11851 | D:9      | Noticed a sixfirhy
 11859 | D:9      | Killed an orc high priest
 11884 | Orc:1    | Reached ***** piety under Okawaru
 11885 | Orc:1    | Reached XP level 12. HP: 77/96 MP: 22/22
 12095 | Orc:2    | Entered Level 2 of the Orcish Mines
 12243 | Orc:1    | Noticed an orc high priest
 12261 | Orc:1    | Killed an orc high priest
 12261 | Orc:1    | Received a gift from Okawaru
 12712 | Orc:2    | Found Nuaqeed's Magic Scroll Shop.
 12750 | Orc:2    | Found Oniyg's Antique Weapon Shoppe.
 13073 | Orc:2    | Noticed an orc high priest
 13390 | Orc:2    | Noticed Saint Roka
 13436 | Orc:2    | Killed Saint Roka
 13436 | Orc:2    | Received a gift from Okawaru
 13437 | Orc:2    | Reached skill level 10 in Fighting
 13437 | Orc:2    | Reached skill level 10 in Armour
 13437 | Orc:2    | Reached skill level 10 in Shields
 13613 | Orc:2    | Paralysed by an orc sorcerer for 3 turns
 13718 | Orc:1    | Killed an orc high priest
 13719 | Orc:1    | Reached XP level 13. HP: 87/103 MP: 24/24
 13916 | Orc:2    | Found Miakyab's Antique Armour Boutique.
 13937 | Orc:2    | Found Awarruwy's Antique Weapon Boutique.
 13953 | Orc:2    | Found Zyucong's Book Boutique.
 13977 | Orc:2    | Found Kugrean's General Store.
 14120 | Orc:2    | Found a burning altar of Makhleb.
 14165 | Orc:2    | Found a staircase to the Elven Halls.
 14445 | D:11     | You fall into a shaft and drop 1 floor!
 14448 | D:11     | Noticed Snorg
 14449 | D:11     | Found Vecol's Magic Scroll Boutique.
 14474 | D:11     | Killed Snorg
 14549 | D:11     | Learned a level 3 spell: Frozen Ramparts
 14565 | D:11     | Found Debosuok's Antique Armour Boutique.
 14575 | D:11     | Identified the +3 buckler "Hedasyiri" {-Tele Harm Int-5
                  | Dex+8} (Okawaru gifted it to you on level 11 of the
                  | Dungeon)
 14575 | D:11     | Received a gift from Okawaru
 14580 | D:11     | Found Goolul's Distillery.
 14584 | D:11     | Found Wecenik's Jewellery Boutique.
 14656 | D:11     | Learned a level 3 spell: Portal Projectile
 14668 | D:11     | Noticed Grum
 14716 | D:10     | Killed Grum
 14779 | D:11     | Found a staircase to the Lair.
 15010 | D:11     | Found an iron altar of Okawaru.
 15088 | D:11     | Noticed Fannar
 15108 | D:11     | Killed Fannar
 15255 | Lair:1   | Entered Level 1 of the Lair of Beasts
 16106 | Lair:1   | Received a gift from Okawaru
 16128 | Lair:1   | Identified the +8 hand axe of Ada Qeah {vorpal, rC+ Will+}
 16715 | Lair:2   | Found a hole to the Spider Nest.
 16921 | D:10     | Bought a +4 ring of slaying for 1092 gold pieces
 17139 | Lair:2   | Received a gift from Okawaru
 17193 | Lair:2   | Reached XP level 14. HP: 111/111 MP: 26/26
 17244 | Lair:2   | Reached skill level 10 in Axes
 17511 | Lair:2   | Reached ****** piety under Okawaru
 17584 | Lair:2   | Found a staircase to the Swamp.
 18553 | Lair:3   | Reached skill level 10 in Invocations
 18904 | Lair:3   | Found a blossoming altar of Fedhas.
 18999 | Lair:3   | Learned a level 4 spell: Sticky Flame
 19229 | Lair:4   | Found a runed translucent door.
 19229 | Lair:4   | Noticed velxir3's ghost (journeyman FeIE)
 19231 | Lair:4   | Identified the +1 scale mail of Wonderful Knowledge {Str+3}
 19233 | Lair:4   | Identified the +8 spear "Xueczank" {protect, rC+ rCorr}
 19250 | Lair:4   | Killed velxir3's ghost
 19364 | Lair:4   | Received a gift from Okawaru
 20577 | Lair:5   | Found a viscous altar of Jiyva.
 20578 | Lair:5   | Found a staircase to the Slime Pits.
 20617 | Lair:4   | Reached XP level 15. HP: 115/119 MP: 28/28
 20916 | Lair:5   | Gained mutation: You have large cloven feet. [potion of
                  | mutation]
 20917 | Lair:5   | Lost mutation: You have large cloven feet. [potion of
                  | mutation]
 20917 | Lair:5   | Gained mutation: Your magical capacity is low. (-10% MP)
                  | [potion of mutation]
 20917 | Lair:5   | Gained mutation: Armour fits poorly on your strangely
                  | shaped body. [potion of mutation]
 20918 | Lair:5   | Lost mutation: Armour fits poorly on your strangely shaped
                  | body. [potion of mutation]
 20918 | Lair:5   | Lost mutation: Your magical capacity is low. (-10% MP)
                  | [potion of mutation]
 20918 | Lair:5   | Gained mutation: You occasionally shout uncontrollably at
                  | your foes. [potion of mutation]
 20919 | Lair:5   | Lost mutation: You occasionally shout uncontrollably at
                  | your foes. [potion of mutation]
 20919 | Lair:5   | Gained mutation: You are weak. (Str -2) [potion of
                  | mutation]
 20919 | Lair:5   | Gained mutation: You are partially covered in large bone
                  | plates. (SH +4) [potion of mutation]
 20919 | Lair:5   | Gained mutation: You are frail. (-10% HP) [potion of
                  | mutation]
 21537 | Lair:6   | Entered Level 6 of the Lair of Beasts
 21555 | Lair:6   | Received a gift from Okawaru
 22046 | Lair:6   | Reached skill level 10 in Short Blades
 22046 | Lair:6   | Reached skill level 10 in Long Blades
 22046 | Lair:6   | Reached skill level 10 in Maces & Flails
 22046 | Lair:6   | Reached skill level 10 in Polearms
 22046 | Lair:6   | Reached skill level 10 in Staves
 22046 | Lair:6   | Reached skill level 10 in Slings
 22046 | Lair:6   | Reached skill level 10 in Bows
 22046 | Lair:6   | Reached skill level 10 in Crossbows
 22046 | Lair:6   | Reached skill level 10 in Throwing
 22046 | Lair:6   | Reached skill level 10 in Dodging
 22046 | Lair:6   | Reached skill level 10 in Stealth
 22046 | Lair:6   | Reached skill level 10 in Unarmed Combat
 22046 | Lair:6   | Reached skill level 10 in Spellcasting
 22046 | Lair:6   | Reached skill level 10 in Evocations
 22965 | Lair:6   | Received a gift from Okawaru
 23237 | Lair:6   | Received a gift from Okawaru
 23258 | Lair:6   | Found a corrupted altar of Lugonu.
 23258 | Lair:6   | Found a one-way gate to the infinite horrors of the Abyss.
 23541 | D:11     | Bought a pitted ring mail for 216 gold pieces
 23541 | D:11     | Identified the +1 ring mail "Furynwepina" {-Tele Harm rC+
                  | Dex+8} (You bought it in a shop on level 11 of the Dungeon)
 24689 | D:12     | Noticed a tengu reaver
 24828 | D:11     | Killed from afar by a tengu reaver

Illustrated notes

Levels and vault maps discovered:
D:1:      dpeg_arrival_round_c, layout_basic, chequers_ecumenical_altar_grove,
          amcnicky_mini_corridor_feature, chequers_serial_rivers_micro_b
D:2:      layout_basic
D:3:      layout_loops_corners, grunt_ministairs_10, uniq_jessica
D:4:      layout_basic, mainiacjoe_overflow_concentric_impassable,
          gup_ossuary_entry_pyramid
D:5:      layout_basic, serial_shops, kennysheep_little_box, uniq_blork_the_orc,
          uniq_eustachio, uniq_prince_ribbit1
D:6:      layout_cave_pods, mainiacjoe_overflow_small_starburst, serial_shops,
          shop_statue, nicolae_shop_trees, uniq_crazy_yiuf_cottage, uniq_edmund,
          uniq_duvessa, uniq_sigmund
D:7:      kennysheep_spiral_hall, layout_cave_pools, minmay_temple_entry_glass
D:8:      layout_rooms, mainiacjoe_overflow_catwalk
D:9:      layout_layer_cave, nicolae_hepliaklqana_monster_ancestors,
          hiddenorc2_lemuel, serial_shops, nicolae_shop_statue_plus,
          uniq_joseph, uniq_erolcha
D:10:     layout_small_grid, minmay_crystal_water,
          minmay_shop_enchanted_jewellery, bh_walls_and_bars
D:11:     layout_rooms, david_lair_shrubbed, minmay_shop_grid_forest,
          okawaru_trees_1, uniq_fannar, uniq_snorg, uniq_grum
D:12:     hangedman_cross_veins, layout_irregular_city, minivault_10,
          kennysheep_generic_room_3, uniq_maurice
Temple:   regret_index_temple_mists
Lair:1:   layout_cave_pods, portal_ice_cave_entry_pillars_2,
          serial_bayou_shore_a, infiniplex_staircase_pool,
          minmay_lair_oklob_chamber
Lair:2:   layout_layer_cave, minmay_swamp_entry_worms,
          spider_nest_entry_web_field, chequers_serial_rivers_small_3,
          minmay_shattered_shrine
Lair:3:   minmay_lair_oklob_tunnel, layout_hall_layers, basic_altar,
          kennysheep_rathole, infiniplex_staircase_pool_2
Lair:4:   layout_loops_ring, ebering_ghost_funeral_grove, grunt_megastairs_4
Lair:5:   layout_hall_layers, slime_altar_1
Lair:6:   hellmonk_lair_end_abyssal_woods, layout_layer_cave,
          chequers_serial_rivers_room_b, nicolae_quartered_pool_little,
          serial_bayou_lagoon_a
Orc:1:    layout_caves
Orc:2:    grunt_orc_cross, layout_caves, basic_altar, serial_shops, shop_coins,
          shop, bloody_makhleb

Skill      XL: |  1  2  3  4  5  6  7  8  9 10 11 12 13 14 15 |
---------------+----------------------------------------------+-----
Invocations    | 1 2 3 4 5 6 7 8 9 10 11 | 11.2
Short Blades   | 1 2 3 4 5 6 7 8 9 10 | 10.4
Long Blades    | 1 2 3 4 5 6 7 8 9 10 | 10.4
Maces & Flails | 1 2 3 4 5 6 7 8 9 10 | 10.4
Polearms       | 1 2 3 4 5 6 7 8 9 10 | 10.4
Staves         | 1 2 3 4 5 6 7 8 9 10 | 10.4
Slings         | 1 2 3 4 5 6 7 8 9 10 | 10.4
Bows           | 1 2 3 4 5 6 7 8 9 10 | 10.4
Crossbows      | 1 2 3 4 5 6 7 8 9 10 | 10.4
Throwing       | 1 2 3 4 5 6 7 8 9 10 | 10.4
Dodging        | 1 2 3 4 5 6 7 8 9 10 | 10.4
Stealth        | 1 2 3 4 5 6 7 8 9 10 | 10.4
Unarmed Combat | 1 2 3 4 5 6 7 8 9 10 | 10.4
Spellcasting   | 1 2 3 4 5 6 7 8 9 10 | 10.4
Evocations     | 1 2 3 4 5 6 7 8 9 10 | 10.4
Conjurations   | 1 2 3 4 5 6 7 8 |  8.8
Hexes          | 1 2 3 4 5 6 7 8 |  8.8
Summonings     | 1 2 3 4 5 6 7 8 |  8.8
Necromancy     | 1 2 3 4 5 6 7 8 |  8.8
Translocations | 1 2 3 4 5 6 7 8 |  8.8
Transmutations | 1 2 3 4 5 6 7 8 |  8.8
Fire Magic     | 1 2 3 4 5 6 7 8 |  8.8
Ice Magic      | 1 2 3 4 5 6 7 8 |  8.8
Air Magic      | 1 2 3 4 5 6 7 8 |  8.8
Earth Magic    | 1 2 3 4 5 6 7 8 |  8.8
Poison Magic   | 1 2 3 4 5 6 7 8 |  8.8
Axes           | 5 6 7 8 9 10 11 | 11.2
Fighting       | 7 8 9 10 11 12 | 12.0
Armour         | 7 8 9 10 11 12 | 12.0
Shields        | 7 8 9 10 11 12 | 12.0

Action                   |  1- 3 |  4- 6 |  7- 9 | 10-12 | 13-15 || total
-------------------------+-------+-------+-------+-------+-------++-------
Melee: War axe           |    75 |   125 |   313 |   407 |   761 ||  1681
       Bite              |     9 |    10 |    40 |   112 |   126 ||   297
       Dagger            |       |       |       |     6 |    15 ||    21
       Long sword        |       |       |       |   389 |     1 ||   390
       Hand axe          |       |       |       |       |   299 ||   299
       Spear             |       |       |       |       |     7 ||     7
 Fire: Hunting sling     |     9 |    83 |    99 |   385 |   666 ||  1242
       Hand crossbow     |       |       |       |    26 |     7 ||    33
Throw: Dart              |       |       |    22 |    12 |       ||    34
 Cast: Ensorcelled Hiber |       |       |       |    30 |       ||    30
       Sticky Flame      |       |       |       |       |     7 ||     7
       Frozen Ramparts   |       |       |       |       |     3 ||     3
       Portal Projectile |       |       |       |       |     1 ||     1
Invok: Heroism           |       |       |       |     8 |     7 ||    15
       Finesse           |       |       |       |       |     1 ||     1
Evoke: Wand              |       |       |     8 |     2 |     3 ||    13
  Use: Scroll            |     3 |     4 |     6 |     7 |     8 ||    28
       Potion            |       |       |     1 |     5 |     8 ||    14
 Stab: Sleeping          |       |       |     1 |     8 |    14 ||    23
       Petrified         |       |       |       |       |     5 ||     5
Armor: Scale mail        |    33 |    27 |       |       |       ||    60
       Chain mail        |       |     8 |   221 |     6 |       ||   235
       Swamp dragon scal |       |       |       |   275 |   383 ||   658
       Skin              |       |       |       |     5 |       ||     5
Dodge: Dodged            |    19 |    40 |   117 |   348 |   416 ||   940
Block: Kite shield       |    46 |    86 |   260 |   611 |   759 ||  1762
       Rpst.: Long sword |       |       |       |    51 |       ||    51
